 Dungeon Crawl Stone Soup version 0.21-a0-213-gae198ad (webtiles) character file.

62 Nvm9 the Skirmisher (level 3, -6/29 HPs)
             Began as a Demonspawn Fighter on Aug 22, 2017.
             Killed from afar by Sigmund (7 damage)
             ... with a magic dart
             ... on level 2 of the Dungeon.
             The game lasted 00:02:08 (1165 turns).

Nvm9 the Skirmisher (Demonspawn Fighter)            Turns: 1165, Time: 00:02:09

Health: -6/29      AC: 13    Str: 21 (22) XL:     3   Next: 85%
Magic:  3/3        EV:  3    Int:  6 (9)  God:
Gold:   126        SH:  9    Dex: 10 (12) Spells: 2/2 levels left

rFire    . . .     SeeInvis .   a - +0 war axe
rCold    . . .     Gourm    .   c - +0 shield
rNeg     . . .     Faith    .   i - +0 plate armour
rPois    .         Spirit   .   (no helmet)
rElec    .         Reflect  .   (no cloak)
rCorr    .         Harm     .   (no gloves)
MR       .....                  (no boots)
Stlth    ..........             (no amulet)
HPRegen  0.09/turn              (no ring)
MPRegen  0.08/turn              (no ring)

@: mighty
A: icy blue scales 1, powered by death 1
a: no special abilities


You were on level 2 of the Dungeon.
You were not hungry.

You visited 1 branch of the dungeon, and saw 2 of its levels.

You collected 126 gold pieces.

Inventory:

Hand Weapons
 a - a +0 war axe (weapon)
Missiles
 n - 10 javelins (quivered)
Armour
 b - a +0 scale mail
 c - a +0 shield (worn)
 i - a +0 plate armour (worn)
Scrolls
 e - a scroll of recharging {unknown}
 h - 5 scrolls of identify {unknown}
 j - a scroll of remove curse {unknown}
 k - a scroll of fear {unknown}
 l - a scroll of enchant armour {unknown}
Comestibles
 f - 2 bread rations
 g - a royal jelly
 m - a meat ration


   Skills:
 + Level 3.5 Fighting
 + Level 2.2 Axes
 * Level 3.4 Armour
 + Level 3.0 Shields


You had 2 spell levels left.
You didn't know any spells.

Dungeon Overview and Level Annotations

Branches:
Dungeon (2/15)

Altars:

Annotations:
D:2 Sigmund


Innate Abilities, Weirdness & Mutations

You are partially covered in icy blue scales. (AC +2)
You regenerate a little health from kills.


Message History

You closely miss something.
You hear some strange, mumbled words.
A magic dart appears from out of thin air!
The magic dart hits you!
* * * LOW HITPOINT WARNING * * *
You block something's attack.
You closely miss something. You block something's attack.
You miss something. Something hits you.
* * * LOW HITPOINT WARNING * * *
You closely miss something. You miss something. You block something's attack.
Your shield and plate armour prevent you from hitting something.
Something hits you but does no damage.
You miss something.
Something hits you but does no damage. x2
You miss something. You hit something.
You hear some strange, mumbled words.
A magic dart appears from out of thin air!
The magic dart hits you!
You die...

#.....# #.....#
#.....# ##.....#
### .[.....# ..#
#...(.#########.#
#.............#.#
######.######.##{#
............#.##@#
.....#.####.#.##.#
..........# #....#
.....<....# ######
.....#.####.#
............#
.รท...#.######
.....#.# .....#.#


There were no monsters in sight!

Vanquished Creatures
  Natasha (D:2)
  A gnoll (D:1)
  An ooze (D:1)
  A leopard gecko (D:1)
  2 goblins (D:1)
  5 hobgoblins (D:1)
  3 bats (D:1)
  4 frilled lizards
  4 kobolds (D:1)
  3 rats
25 creatures vanquished.

Notes
Turn   | Place    | Note
-------+----------+-------------------------------------------
     0 | D:1      | Nvm9 the Demonspawn Fighter began the quest for the Orb.
     0 | D:1      | Reached XP level 1. HP: 18/18 MP: 1/1
   210 | D:1      | Gained mutation: You regenerate a little health from kills. [demonic ancestry]
   210 | D:1      | Reached XP level 2. HP: 24/24 MP: 2/2
   668 | D:1      | Gained mutation: You are partially covered in icy blue scales. (AC +2) [demonic ancestry]
   668 | D:1      | Reached XP level 3. HP: 28/29 MP: 3/3
   866 | D:2      | Noticed Natasha
   875 | D:2      | Killed Natasha
  1141 | D:2      | Noticed Sigmund
  1159 | D:2      | HP: 1/29 [something (3)]
  1165 | D:2      | Killed from afar by Sigmund

Vault maps used:
D:1:      matt_arrival_los_fun
D:2:      chequers_ecumenical_altar_island, first_bread, uniq_sigmund,
          uniq_natasha

Skill      XL: |  1  2  3 |
---------------+----------+-----
Armour         | 3 |  3.4
Axes           | 2 |  2.2
Shields        | 3 |  3.0
Fighting       | |  3.5

Action                   || total
-------------------------++-------
Melee: War axe           ||   111
  Use: Potion            ||     5
  Eat: Chunk             ||     1
Armor: Scale mail        ||     6
       Plate armour      ||    62
Dodge: Dodged            ||     7
Block: Shield            ||    48

Table legend:
 A = Spawn XP
 B = Non-spawn XP
 C = Spawn XP percentage of total XP
 D = Spawn monster count
 E = Non-spawn monster count
 F = Spawn count percentage of total count
 G = Total turns spent on level
                    A         B        C        D         E        F      G
               +---------+---------+-------+---------+---------+-------+---------
         Total |       6 |      83 |   6.7 |       4 |      21 |  16.0 |  1165
               +---------+---------+-------+---------+---------+-------+---------
           D:1 |       5 |      47 |   9.6 |       3 |      19 |  13.6 |   866
           D:2 |       1 |      36 |   2.7 |       1 |       2 |  33.3 |   299
               +---------+---------+-------+---------+---------+-------+---------
